 Dungeon Crawl Stone Soup version 0.11.0-9-gb634444 (webtiles) character file.

335 0gre64 the Shooter (level 5, -3/33 HPs)
             Began as a Halfling Arcane Marksman on Mar 22, 2013.
             Slain by an orc
             ... wielding a +0,+0 orcish short sword
              (4 damage)
             ... on Level 3 of the Dungeon on Mar 23, 2013.
             The game lasted 00:53:18 (2723 turns).

0gre64 the Shooter (Halfling Arcane Marksman)       Turns: 2723, Time: 00:53:18

HP  -3/33        AC  4     Str  9      XL: 5   Next: 85%
MP   7/7         EV 16     Int 13      God:
Gold 160         SH  0     Dex 16      Spells:  1 memorised,  6 levels left

Res.Fire  : . . .   See Invis. : .   a - +1 hand axe
Res.Cold  : . . .   Warding    : .   j - +2 robe
Life Prot.: . . .   Conserve   : .   (no shield)
Res.Poison: +       Res.Corr.  : +   (no helmet)
Res.Elec. : .       Clarity    : .   (no cloak)
Sust.Abil.: . .     Spirit.Shd : .   (no gloves)
Res.Mut.  : .       Stasis     : .   (no boots)
Res.Rott. : .       Ctrl.Telep.: .   n - amulet of resist corrosion
Saprovore : . . .   Levitation : .   (no ring) Ctrl.Flight: .
                                     l - ring of poison resistance

@: slightly resistant to hostile enchantments, unstealthy
A: mutation resistance 1, slow metabolism 1
a: no special abilities


You were on level 3 of the Dungeon.
You were not hungry.

You visited 1 branch of the dungeon, and saw 3 of its levels.

You collected 110 gold pieces.

Inventory:

Hand weapons
 a - a +1,+1 hand axe (weapon)
 b - a +0,+0 bow
 c - a +0,+0 dagger
 q - a +0,+0 elven spear
Missiles
 g - a throwing net
 i - 5 darts
 k - 22 arrows
 o - 6 silver darts (quivered)
Armour
 j - a +2 robe (worn)
Comestibles
 f - a bread ration
 m - a banana
Scrolls
 e - a scroll of teleportation
 h - 2 scrolls of amnesia
 p - 2 scrolls of remove curse {unknown}
 r - a scroll of curse jewellery {unknown}
Jewellery
 l - a ring of poison resistance (left hand)
 n - an amulet of resist corrosion (around neck)
Books
 d - a book of Debilitation

   Spells                             Type                      Level
   *Corona                            Hexes                        1
   Slow                               Hexes                        2
   Inner Flame                        Hexes/Fire                   3
   Enslavement                        Hexes                        4
   Cause Fear                         Hexes                        4
   Mass Confusion                     Hexes                        6


   Skills:
 + Level 1,2 Fighting
 + Level 1,0 Axes
 + Level 4,2 Bows
 + Level 1,2 Throwing
 + Level 3,8 Dodging
 + Level 0,6 Stealth
 + Level 0,3 Stabbing
 + Level 1,2 Traps & Doors
 + Level 1,6 Spellcasting
 + Level 3,2 Hexes


You had 6 spell levels left.
You knew the following spells:

 Your Spells              Type           Power        Failure   Level  Hunger
a - Corona                Hex            ##......     10%         1    ##.....


Dungeon Overview and Level Annotations

Branches:
Dungeon (3/27)

Altars:


Innate Abilities, Weirdness & Mutations

You are small and have problems with some larger weapons.
You are somewhat resistant to further mutation.
You have a slow metabolism.


Message History

The orc priest is heavily wounded.
The orc priest misses you.
You hit the orc priest.
The orc priest is severely wounded.
The orc priest hits you but does no damage.
You hit the orc priest.
You kill the orc priest!
Your Axes skill increases to level 1!
Your Throwing skill increases to level 1!
You hit the orc but do no damage.
The orc hits you with an orcish short sword.
* * * LOW HITPOINT WARNING * * *
You hit the orc but do no damage.
The orc hits you with an orcish short sword.
* * * LOW HITPOINT WARNING * * *
You hit the orc but do no damage.
The orc hits you with an orcish short sword.
* * * LOW HITPOINT WARNING * * *
The orc hits you with an orcish short sword.
You die...

*,* #..# *,* #..# *,* #..#
*****,***************#######..#
,,,,,,,,,,,,,,,,,,,,,.........#
*****,***************########.#
*,* #.#
****.#######################.#
*,,,((.((....(o@.............#
*,,,(......###################
*,,,,.....,* *,,,,....,,*
*****###****


You could see an orc.

Vanquished Creatures
  An orc priest (D:3)
  Ijyb (D:2)
  Jessica (D:2)
  A gnoll (D:1)
  3 adders
  An inept feature mimic (D:2)
  2 giant geckos
  An ooze (D:3)
  2 orcs (D:3)
  6 bats
  4 giant cockroaches
  6 hobgoblins
  4 jackals (D:2)
  2 quokkas
  4 ball pythons
  6 giant newts
  5 goblins
  5 kobolds
  8 rats
  A toadstool (D:2)
64 creatures vanquished.

Vanquished Creatures (others)
  A goblin (D:1)
  A toadstool (D:2)
2 creatures vanquished.

Grand Total: 66 creatures vanquished

Notes
Turn   | Place    | Note
--------------------------------------------------------------
     0 | D:1      | 0gre64, the Halfling Arcane Marksman, began the quest for the Orb.
     0 | D:1      | Reached XP level 1. HP: 13/13 MP: 1/1
   192 | D:1      | Reached skill level 1 in Fighting
   361 | D:1      | Reached XP level 2. HP: 11/18 MP: 2/2
   386 | D:1      | Reached skill level 3 in Hexes
   571 | D:1      | Reached XP level 3. HP: 20/23 MP: 4/4
  1011 | D:2      | Reached XP level 4. HP: 24/28 MP: 5/5
  1061 | D:2      | Reached skill level 1 in Traps & Doors
  1146 | D:2      | Noticed Jessica
  1161 | D:2      | Killed Jessica
  1786 | D:2      | Reached skill level 4 in Bows
  1855 | D:2      | Reached XP level 5. HP: 27/33 MP: 7/7
  1897 | D:2      | Noticed Ijyb
  1983 | D:2      | Killed Ijyb
  2720 | D:3      | Reached skill level 1 in Axes
  2720 | D:3      | Reached skill level 1 in Throwing
  2723 | D:3      | HP: 1/33 [orc/orcish short sword (2)]
  2723 | D:3      | Slain by an orc
